 Dungeon Crawl Stone Soup version 0.32-a0-818-gb728d0252e (webtiles) character file.

Game seed: 653937497660500368

37641 IEatYoBabies the Bludgeoner (level 13, -14/125 HPs)
             Began as a Minotaur Berserker on Mar 25, 2024.
             Was a High Priest of Trog.
             Demolished by a death yak (15 damage)
             ... on level 2 of the Lair of Beasts.
             The game lasted 00:54:42 (16138 turns).

IEatYoBabies the Bludgeoner (Minotaur Berserker)   Turns: 16138, Time: 00:54:43

Health: -14/125    AC: 21    Str: 26    XL:     13   Next: 59%
Magic:  0/21       EV: 13    Int:  4    God:    Trog [*****.]
Gold:   455        SH:  0    Dex: 17    Spells: 12/12 levels left

rFire   . . .        K - +3 dire flail (freeze)
rCold   + . .        (shield currently unavailable)
rNeg    . . .        s - +0 storm dragon scales
rPois   .            e - +0 hat {SInv}
rElec   +            S - +0 cloak of Incorporation {rC+ rCorr MP+9}
rCorr   +            l - +0 pair of gloves
SInv    +            B - +0 pair of boots
Will    ++...        E - amulet of guardian spirit Stlth
                     o - ring of resist corrosion
HPRegen 1.40/turn    w - +6 ring of dexterity
MPRegen 0.17/turn

%: guardian spirit
@: about to teleport, marked, strong-willed, regenerating, slowed, very slow
A: horns 2, retaliatory headbutt
a: Renounce Religion, Berserk, Trog's Hand, Brothers in Arms


You were on level 2 of the Lair of Beasts.
You worshipped Trog.
Trog was extremely pleased with you.
You visited 3 branches of the dungeon, and saw 16 of its levels.

You collected 1756 gold pieces.
You spent 1301 gold pieces at shops.

Inventory:

Hand Weapons
 K - a +3 dire flail of freezing (weapon)
 O - the +3 great mace of Tata {heavy, rPois Str+4 Int-5}
   (Trog gifted it to you on level 12 of the Dungeon)

   Str+4:     It affects your strength (+4).
   Int-5:     It affects your intelligence (-5).
   rPois:     It protects you from poison.
Missiles
 j - 6 boomerangs
 m - 94 stones
 n - an atropa-tipped dart (quivered)
Armour
 e - a +0 hat of see invisible (worn)
 l - a +0 pair of gloves (worn)
 s - +0 storm dragon scales (worn)
 B - a +0 pair of boots (worn)
 H - a +0 plate armour
 S - the +0 cloak of Incorporation (worn) {rC+ rCorr MP+9}
   (You bought it in a shop on level 2 of the Orcish Mines)

   rC+:       It protects you from cold.
   MP+9:      It affects your magic capacity (+9).
   rCorr:     It protects you from acid and corrosion.
 T - a +2 kite shield of reflection
Jewellery
 o - a ring of resist corrosion (left hand)
 t - a ring of see invisible
 w - a +6 ring of dexterity (right hand)
 E - an amulet of guardian spirit (around neck)
 J - a ring of flight
 W - a ring of protection from fire
Wands
 d - a wand of polymorph (4)
 i - a wand of roots (7)
 C - a wand of flame (43)
 P - a wand of digging (4)
 R - a wand of acid (14)
 X - a wand of paralysis (5)
Scrolls
 a - a scroll of blinking {unknown}
 f - 3 scrolls of enchant weapon {unknown}
 g - a scroll of vulnerability
 v - 2 scrolls of fog {unknown}
 x - 4 scrolls of teleportation
 y - 4 scrolls of poison
 z - a scroll of silence {unknown}
 A - 2 scrolls of fear {unknown}
 F - 5 scrolls of noise {unknown}
 L - 2 scrolls of torment {unknown}
 M - a scroll of revelation {unknown}
 N - 3 scrolls of enchant armour
 Q - 3 scrolls of summoning {unknown}
 U - a scroll of identify
Potions
 c - a potion of heal wounds {unknown}
 h - 2 potions of berserk rage {unknown}
 k - 2 potions of attraction {unknown}
 p - a potion of cancellation {unknown}
 q - 6 potions of curing
 r - 2 potions of haste {unknown}
 u - 4 potions of mutation
 D - 5 potions of enlightenment
 G - 3 potions of lignification
 I - 4 potions of might
 V - a potion of brilliance {unknown}
Miscellaneous
 b - a phantom mirror


   Skills:
 * Level 14.9 Fighting
 * Level 16.9 Maces & Flails
 + Level 1.1 Throwing
 * Level 14.6 Armour
 * Level 9.3 Dodging
 + Level 0.1 Evocations


You had 12 spell levels left.
You didn't know any spells.
Your spell library was empty.

Dungeon Overview and Level Annotations

Branches:
Dungeon (12/15)            Temple (0/1) D:4            Lair (2/5) D:8
    Orc (2/2) D:10            Elf (0/3) Orc:2
  Swamp: Lair:2-3    Shoals: Lair:2-3     Snake: Lair:2-3    Spider: Lair:2-3

Altars:
Ashenzari
Cheibriados
Dithmenos
Elyvilon
Gozag
Hepliaklqana
Nemelex Xobeh
Vehumet
Wu Jian
Yredelemnul
Beogh

Shops:
D:8 ?   D:11 [   Orc:2 [[([

Portals:
Trove: D:10 (give 15 scrolls of teleportation)


Innate Abilities, Weirdness & Mutations

You have a pair of horns on your head.
You reflexively headbutt those who attack you in melee.


Message History

Okay, then.
Unknown command.
Okay, then.
Unknown command.
Okay, then.
Unknown command.
You fail to use your ability.
The death yak gores you but does no damage.
The death yak barely misses you.
Being near the torpor snail leaves you feeling lethargic.
Your skin crawls.
You feel strong-willed. The death yak gores you. The death yak gores you!
The death yak gores you. The water moccasin closely misses you.
The death yak barely misses you. The death yak gores you!!
* * * LOW HITPOINT WARNING * * *
The death yak gores you!
* * * LOW HITPOINT WARNING * * *
The death yak gores you!
* * * LOW HITPOINT WARNING * * *
Unknown command.
Unknown command.
Unknown command.
Okay, then.
Unknown command.
As you read the scroll of teleportation, it crumbles to dust.
You feel strangely unstable. The wolf completely misses you.
The water moccasin bites you.
* * * LOW HITPOINT WARNING * * *
A bullfrog comes into view.
A seven-headed hydra comes into view.
The wolf barely misses you. The polar bear misses you.
The polar bear claws you but does no damage. x2
The water moccasin closely misses you.
The death yak gores you but does no damage.
The death yak closely misses you. You furiously retaliate!
You headbutt the death yak, but do no damage.
The death yak gores you.
* * * LOW HITPOINT WARNING * * *
The death yak gores you!
You die...

.....#...P #.. ....
.........###.. F..
.........P##k. ..D
.......F.†##.w #..
#.......F.P##..
#..###....F..h...Y.YF
#P##....h.F.........Y.S.
......SYh...F........YF.
.....YY@Yhw...........#.
##....YhS..............#
##...YF..............##
#....................#
#.....l..<............#
##...................##
#....................P
......................
........##.##..#.....


You could see 6 death yaks, a seven-headed hydra, a torpor snail, a polar bear,
a black mamba, 2 cane toads, a basilisk, 2 blink frogs, a water moccasin, 3
wolves and a bullfrog.

Vanquished Creatures
  Saint Roka (Orc:2)
  An orc warlord (Orc:1)
  Snorg (D:10)
  2 boulder beetles (D:12)
  2 centaur warriors
  Erolcha (D:10)
  An orc high priest (Orc:2)
  Lodul (D:10)
  Pikel (D:4)
  A necromancer (D:10)
  2 obsidian bats (Orc:1)
  An orc knight (Orc:2)
  2 orc sorcerers
  A cyclops (D:12)
  5 elephants (Lair:2)
  9 kobold blastminers (Orc:2)
  A gargoyle (D:7)
  Joseph (D:8)
  A black mamba (Lair:1)
  3 cane toads (Lair:1)
  2 komodo dragons (D:12)
  A kobold demonologist (D:12)
  A polar bear (D:10)
  7 trolls
  Grinder (D:4)
  Prince Ribbit (D:6)
  4 blink frogs (Lair:2)
  5 slime creatures (D:12)
  A shadow (D:12)
  A wraith (D:12)
  3 wyverns
  A steam dragon (D:6)
  11 yaks
  3 wargs (Orc:1)
  Grum (D:10)
  4 vampire mosquitoes (D:12)
  A swamp worm (Lair:2)
  5 water moccasins
  2 acid dragons
  23 orc warriors
  2 ice beasts
  A sky beast (D:8)
  16 ogres
  12 wolves
  3 centaurs
  A phantom (D:7)
  A lemure (D:4)
  Blork the orc (D:4)
  2 kobold brigands
  4 gnoll sergeants
  4 bullfrogs
  3 scorpions
  16 wights
  16 killer bees
  6 howler monkeys
  3 jellies
  20 orc priests
  A bombardier beetle (D:6)
  4 hounds
  A sleepcap (D:5)
  Jessica (D:2)
  2 iguanas
  Terence (D:2)
  21 orc wizards
  2 yak simulacra (D:10)
  3 polar bear simulacra (D:10)
  4 wolf simulacra (D:10)
  15 gnolls
  6 adders
  A river rat (D:10)
  A shadow imp (D:4)
  A white imp (D:8)
  2 ufetubi (D:5)
  4 dart slugs
  A ribbon worm (D:4)
  71 orcs
  10 endoplasms
  A giant cockroach (D:2)
  8 goblins
  11 hobgoblins
  8 jackals
  2 quokkas
  9 ball pythons
  5 bats
  A frilled lizard (D:3)
  13 kobolds
  7 rats
  2 river rat simulacra (D:10)
446 creatures vanquished.

Vanquished Creatures (collateral kills)
  An orc high priest (Orc:2)
  An orc knight (Orc:2)
  A kobold blastminer (Orc:1)
  6 orc warriors
  An ogre (Orc:1)
  An orc priest (Orc:1)
  2 orc wizards (Orc:1)
  4 orcs
17 creatures vanquished.

Grand Total: 463 creatures vanquished

Notes
Turn   | Place    | Note
-------+----------+-------------------------------------------
     0 | D:1      | IEatYoBabies the Minotaur Berserker began the quest for the
                  | Orb.
     0 | D:1      | Reached XP level 1. HP: 19/19 MP: 0/0
    72 | D:1      | Reached XP level 2. HP: 25/27 MP: 1/1
   100 | D:1      | Found a faded altar of an unknown god.
   105 | D:1      | Reached skill level 4 in Maces & Flails
   533 | D:1      | Reached ** piety under Trog
   650 | D:2      | Reached XP level 3. HP: 29/33 MP: 2/2
   931 | D:2      | Noticed Terence
   941 | D:2      | Killed Terence
   942 | D:2      | Reached XP level 4. HP: 31/41 MP: 3/3
  1171 | D:2      | Noticed Jessica
  1175 | D:2      | Killed Jessica
  1577 | D:3      | Reached skill level 5 in Maces & Flails
  1773 | D:3      | Found a shadowy altar of Dithmenos.
  2048 | D:4      | Reached XP level 5. HP: 47/47 MP: 4/4
  2069 | D:4      | Noticed Blork the orc
  2083 | D:4      | Killed Blork the orc
  2254 | D:4      | Found a staircase to the Ecumenical Temple.
  2332 | D:4      | Reached skill level 6 in Maces & Flails
  2332 | D:4      | Reached XP level 6. HP: 50/55 MP: 5/5
  2441 | D:4      | Reached skill level 5 in Fighting
  2667 | D:4      | Reached XP level 7. HP: 61/61 MP: 6/6
  2668 | D:4      | Reached *** piety under Trog
  2846 | D:4      | Reached skill level 7 in Maces & Flails
  3090 | D:4      | Noticed Grinder
  3095 | D:4      | Paralysed by Grinder for 2 turns
  3104 | D:4      | Paralysed by Grinder for 5 turns
  3111 | D:4      | Killed Grinder
  3112 | D:4      | Reached skill level 5 in Armour
  3547 | D:4      | Noticed Pikel
  3565 | D:4      | Killed Pikel
  3566 | D:4      | Reached skill level 9 in Maces & Flails
  3566 | D:4      | Reached XP level 8. HP: 71/71 MP: 7/7
  3652 | D:5      | Entered Level 5 of the Dungeon
  3729 | D:5      | Found a radiant altar of Vehumet.
  4876 | D:6      | Reached skill level 10 in Maces & Flails
  4988 | D:6      | Reached skill level 5 in Dodging
  4988 | D:6      | Reached XP level 9. HP: 66/79 MP: 8/8
  5271 | D:6      | Found an ornate altar of the Wu Jian Council.
  5746 | D:6      | Noticed Prince Ribbit
  5755 | D:6      | Killed Prince Ribbit
  6034 | D:7      | Reached skill level 11 in Maces & Flails
  6102 | D:7      | Noticed a gargoyle
  6115 | D:7      | Killed a gargoyle
  6665 | D:8      | Reached XP level 10. HP: 90/90 MP: 9/9
  6673 | D:8      | Reached skill level 1 in Throwing
  6692 | D:8      | Found an opulent altar of Gozag.
  6698 | D:8      | Found a sparkling altar of Nemelex Xobeh.
  6706 | D:8      | Found a white marble altar of Elyvilon.
  6706 | D:8      | Found a broken altar of Ashenzari.
  6713 | D:8      | Found a snail-covered altar of Cheibriados.
  6789 | D:8      | Identified the +2 rapier of Annihilation {flame, rC+}
  6800 | D:8      | Reached **** piety under Trog
  6805 | D:8      | Reached skill level 12 in Maces & Flails
  6989 | D:8      | Found a staircase to the Lair.
  7003 | D:8      | Found Zasser's Magic Scroll Shop.
  7011 | D:8      | Noticed Joseph
  7026 | D:8      | Killed Joseph
  7766 | D:8      | Bought a scroll of teleportation for 45 gold pieces
  7766 | D:8      | Bought a scroll of identify for 30 gold pieces
  7766 | D:8      | Bought a scroll of identify for 30 gold pieces
  7933 | D:9      | Found a hazy altar of Hepliaklqana.
  7979 | D:9      | Noticed a centaur warrior
  7995 | D:9      | Killed a centaur warrior
  8038 | D:9      | Reached skill level 13 in Maces & Flails
  8550 | D:10     | Entered Level 10 of the Dungeon
  8606 | D:10     | Found a runed translucent door.
  8650 | D:10     | Found a portal to a secret trove of treasure.
  8656 | D:10     | Found a staircase to the Orcish Mines.
  8682 | D:10     | Reached ***** piety under Trog
  8812 | D:10     | Noticed Erolcha
  8825 | D:10     | Killed Erolcha
  8826 | D:10     | Reached skill level 10 in Fighting
  8826 | D:10     | Reached skill level 10 in Armour
  8937 | D:10     | Reached XP level 11. HP: 67/99 MP: 10/10
  9350 | D:10     | Noticed Grum
  9371 | D:10     | Killed Grum
  9452 | D:10     | Noticed Lodul
  9473 | D:10     | Killed Lodul
  9474 | D:10     | Reached skill level 14 in Maces & Flails
  9657 | D:10     | Noticed a necromancer
  9710 | D:10     | Killed a necromancer
  9727 | D:10     | Noticed Snorg
  9736 | D:10     | Killed Snorg
  9888 | D:10     | Identified the +6 mace of the Quick God {chaos, *Rage rPois
                  | rN+ Dex+3}
 10036 | D:10     | Found a basalt altar of Yredelemnul.
 10086 | D:11     | Found Cuowne Beeg's Antique Armour Shop.
 10339 | D:8      | Bought a scroll of acquirement for 780 gold pieces
 10339 | D:8      | Acquired a +0 hat of see invisible
 11329 | D:12     | Noticed a centaur warrior
 11344 | D:12     | Identified the +3 great mace of Tata {heavy, rPois Str+4
                  | Int-5} (Trog gifted it to you on level 12 of the Dungeon)
 11344 | D:12     | Received a gift from Trog
 11359 | D:12     | Killed a centaur warrior
 11488 | D:12     | Reached XP level 12. HP: 112/112 MP: 11/11
 11514 | D:12     | Noticed a boulder beetle
 11531 | D:12     | Killed a boulder beetle
 11532 | D:12     | Reached skill level 15 in Maces & Flails
 11778 | D:12     | Noticed a boulder beetle
 11786 | D:12     | Killed a boulder beetle
 12333 | Orc:1    | Entered Level 1 of the Orcish Mines
 12777 | Orc:2    | Entered Level 2 of the Orcish Mines
 12884 | Orc:2    | Found a roughly hewn altar of Beogh.
 12885 | Orc:2    | Found Nileduq's Antique Armour Emporium.
 12977 | Orc:2    | Found a roughly hewn altar of Beogh.
 12977 | Orc:2    | Noticed an orc high priest
 12979 | Orc:2    | Found Ihesup's Antique Armour Emporium.
 12994 | Orc:2    | Killed an orc high priest
 13043 | Orc:2    | Bought a translucent cloak for 304 gold pieces
 13043 | Orc:2    | Identified the +0 cloak of Incorporation {rC+ rCorr MP+9}
                  | (You bought it in a shop on level 2 of the Orcish Mines)
 13185 | Orc:2    | Found a roughly hewn altar of Beogh.
 13322 | Orc:2    | Found a staircase to the Elven Halls.
 13348 | Orc:2    | Noticed an orc high priest
 13353 | Orc:2    | Noticed Saint Roka
 13357 | Orc:2    | Killed an orc high priest
 13361 | Orc:2    | Reached skill level 16 in Maces & Flails
 13694 | Orc:2    | Received a gift from Trog
 14106 | Orc:2    | Found a roughly hewn altar of Beogh.
 14256 | Orc:2    | Reached XP level 13. HP: 94/123 MP: 12/12
 14261 | Orc:2    | Found a roughly hewn altar of Beogh.
 14261 | Orc:2    | Found Wyihoruq's Antique Weapon Emporium.
 14262 | Orc:2    | Found Hyifra Iviun's Antique Armour Shoppe.
 14265 | Orc:2    | Killed Saint Roka
 14637 | D:8      | Bought a scroll of enchant armour for 112 gold pieces
 14777 | Orc:1    | Noticed an orc warlord
 14791 | Orc:1    | Killed an orc warlord
 15146 | Lair:1   | Entered Level 1 of the Lair of Beasts
 16137 | Lair:2   | HP: 6/125 [death yak (11)]
 16138 | Lair:2   | HP: 1/125 [death yak (5)]
 16138 | Lair:2   | Demolished by a death yak

Illustrated notes

Levels and vault maps discovered:
D:1:      shiori_arrival_oz, layout_rooms, basic_ecumenical_altar,
          serial_bayou_lake_a
D:2:      layout_loops_ring, st_stairs_13, hangedman_decor_push,
          due_unseen_surprise, uniq_jessica, uniq_terence
D:3:      layout_loops_ring, nicolae_dithmenos_the_darkroom
D:4:      cheibrodos_barr_body, layout_cave_pods, minmay_temple_entry_junction,
          patterned_corridor, uniq_pikel, uniq_blork_the_orc, uniq_grinder
D:5:      layout_gridville, nicolae_vehumet_altar_sigil
D:6:      layout_basic, mainiacjoe_overflow_surrounded_room, uniq_prince_ribbit1
D:7:      layout_cave_pools, grunt_decor_one_mirror, hex_large,
          hangedman_abyss_or_decor_passed, minmay_between
D:8:      layout_cave_pools, nicolae_overflow_hallway_of_the_gods,
          lair_entry_dummy, serial_shops, nicolae_inconvenience_store,
          uniq_joseph
D:9:      layout_rooms, mainiacjoe_overflow_boulevard, kennysheep_windowed_goal
D:10:     layout_cave_pools, dk_yredelemnul_ordeal, david_orc_3, enter_trove_0,
          eino_house_with_fridge, uniq_snorg, uniq_grum, uniq_erolcha,
          uniq_lodul
D:11:     layout_loops_ring, serial_shops, shop, grunt_decor_cap
D:12:     layout_roguey, st_stairs_8
Lair:1:   layout_gridlike, lemuel_fruit_tree, grunt_megastairs_5,
          serial_bayou_shore_b
Lair:2:   layout_small_grid, palyth_hydra_swamp_entry
Orc:1:    layout_caves, nicolae_orc_tapped_out
Orc:2:    grunt_orc_community_town_hall, layout_caves,
          grunt_orc_community_big_house_1, grunt_orc_community_big_house_1,
          grunt_orc_community_house_2, grunt_orc_community_house_2,
          grunt_orc_community_house_2, grunt_orc_community_house_2,
          grunt_orc_community_house_3, grunt_orc_community_house_2

Skill      XL: |  1  2  3  4  5  6  7  8  9 10 11 12 13 |
---------------+----------------------------------------+-----
Fighting       | 4 5 6 7 8 10 12 13 14 | 14.9
Maces & Flails | 4 5 6 9 10 11 13 14 16 | 16.9
Dodging        | 3 4 5 6 7 8 9 |  9.3
Armour         | 3 4 6 8 10 11 13 14 | 14.6
Throwing       | 1 |  1.1
Evocations     | |  0.1

Action                     |  1- 3 |  4- 6 |  7- 9 | 10-12 | 13-15 || total
---------------------------+-------+-------+-------+-------+-------++-------
  Melee: Mace              |    99 |       |       |       |       ||    99
         Headbutt          |     9 |    13 |    43 |   141 |    34 ||   240
         Morningstar       |       |    90 |   129 |       |       ||   219
         Dire flail        |       |       |    75 |   612 |   153 ||   840
  Throw: Dart              |     2 |     5 |     5 |     3 |       ||    15
 Invoke: Berserk           |     1 |     4 |     4 |     3 |     1 ||    13
         Trog's Hand       |       |       |     2 |     6 |     2 ||    10
         Brothers in Arms  |       |       |       |     2 |     1 ||     3
  Evoke: Wand              |       |       |       |     2 |       ||     2
         Phantom mirror    |       |       |       |     1 |       ||     1
    Use: Scroll            |       |     2 |     3 |     8 |     1 ||    14
         Potion            |       |       |       |       |     1 ||     1
   Stab: Invisible         |       |     1 |       |     1 |       ||     2
         Distracted        |       |       |       |       |     1 ||     1
 Armour: Animal skin       |    33 |       |       |       |       ||    33
         Ring mail         |    49 |       |       |       |       ||    49
         Scale mail        |       |    55 |    55 |       |       ||   110
         Plate armour      |       |       |    89 |   205 |       ||   294
         Chain mail        |       |       |     5 |       |       ||     5
         Storm dragon scal |       |       |       |   208 |   126 ||   334
  Dodge: Dodged            |    75 |    43 |    83 |   276 |   109 ||   586

Table legend: (Time is in decaauts)
 A = Elapsed time spent in this place.
 B = Non-inter-level travel time spent in this place.
 C = Inter-level travel time spent in this place.
 D = Time resting spent in this place.
 E = Time spent auto-exploring this place.
 F = Levels seen in this place.
 G = Mean time per level.
                   A        B        C        D        E       F      G
               +--------+--------+--------+--------+--------+-----+--------+
         Total |  16020 |  14609 |   1411 |   2117 |   9649 |  16 | 1001.2 |
       Dungeon |  12814 |  11538 |   1276 |   1658 |   7762 |  12 | 1067.8 |
          Lair |    948 |    921 |     27 |      0 |    758 |   2 |  474.0 |
  Orcish Mines |   2257 |   2150 |    107 |    459 |   1129 |   2 | 1128.5 |
               +--------+--------+--------+--------+--------+-----+--------+

Top non-repeatable levels by time:
     D:4: 1802 daAuts
    D:10: 1762 daAuts
   Orc:2: 1708 daAuts
     D:6: 1326 daAuts
     D:8: 1203 daAuts
     D:5: 1098 daAuts
    D:12: 997 daAuts
    D:11: 947 daAuts
     D:2: 868 daAuts
     D:9: 791 daAuts
  Lair:1: 768 daAuts
     D:3: 693 daAuts
     D:7: 664 daAuts
     D:1: 657 daAuts
   Orc:1: 549 daAuts
